 Dungeon Crawl Stone Soup version 0.29.1-1-gd02db6906a (webtiles) character file.

Game seed: 6795548271032358151

601 Icepheonix32 the Caller (level 7, -1/51 HPs)
             Began as a Merfolk Summoner on Oct 6, 2022.
             Was an Initiate of Hepliaklqana.
             Killed by an exploding themself (21 damage)
             ... ignited by their inner flame
             ... on level 4 of the Dungeon.
             The game lasted 00:09:20 (6254 turns).

Icepheonix32 the Caller (Merfolk Summoner)          Turns: 6254, Time: 00:09:21

Health: -1/51      AC:  2    Str: 14    XL:     7   Next: 41%
Magic:  17/21      EV: 13    Int: 17    God:    Hepliaklqana [......]
Gold:   139        SH:  0    Dex: 14    Spells: 2/12 levels left

rFire   . . .      SeeInvis .   m - +0 scythe (venom)
rCold   . . .      Faith    .   (shield currently unavailable)
rNeg    . . .      Spirit   .   a - +0 robe
rPois   .          Reflect  .   (no helmet)
rElec   .          Harm     .   (no cloak)
rCorr   .          Rampage  .   (no gloves)
Will    .....                   (no boots)
Stlth   ++........              (no amulet)
HPRegen 0.17/turn               h - +6 ring of strength
MPRegen 0.17/turn               l - ring of magical power

@: no status effects
A: (nimble swimmer 2), mertail
a: Renounce Religion


You were on level 4 of the Dungeon.
You worshipped Hepliaklqana.
Hepliaklqana was noncommittal.
You visited 2 branches of the dungeon, and saw 5 of its levels.

You collected 139 gold pieces.

Inventory:

Hand Weapons
 f - a +0 dagger
 k - a +0 rapier
 m - a +0 scythe of venom (weapon)
 w - a +2 vorpal hand axe
Armour
 a - a +0 robe (worn)
Magical Staves
 n - a staff of poison
Jewellery
 h - a +6 ring of strength (left hand)
 l - a ring of magical power (right hand)
Wands
 v - a wand of quicksilver (8)
Scrolls
 e - 2 scrolls of identify {unknown}
 g - 4 scrolls of teleportation
 o - 2 scrolls of vulnerability {unknown}
 p - a scroll of magic mapping
 t - a scroll of enchant weapon {unknown}
 u - a scroll of noise {unknown}
Potions
 b - a potion of magic
 c - 2 potions of haste
 d - a potion of heal wounds
 i - a potion of brilliance {unknown}
 j - a potion of curing {unknown}
 q - 2 potions of lignification {unknown}
 r - 2 potions of attraction {unknown}
 s - a potion of flight {unknown}


   Skills:
 + Level 2.4 Fighting
 - Level 2.3 Short Blades
 + Level 3.6 Polearms
 + Level 4.6 Dodging
 - Level 2.1 Stealth
 + Level 3.4 Spellcasting
 + Level 0.5 Conjurations
 * Level 5.8 Summonings
 + Level 0.4 Fire Magic


You had 2 spell levels left.
You knew the following spells:

 Your Spells              Type           Power      Damage    Failure   Level
a - Summon Small Mammal   Summ           88%        N/A       1%          1
b - Call Imp              Summ           22%        N/A       2%          2
c - Call Canine Familiar  Summ           22%        N/A       4%          3
d - Foxfire               Conj/Fire      16%        2x1d4     14%         1
e - Summon Guardian Gole  Hex/Summ       12%        N/A       16%         3

Your spell library contained the following spells:

 Spells                   Type           Power      Damage    Failure   Level
 Summon Lightning Spire   Summ/Air       12%        N/A       45%         4


Dungeon Overview and Level Annotations

Branches:
Dungeon (4/15)             Temple (1/1) D:4

Altars:
Ashenzari
Cheibriados
Elyvilon
Fedhas
Gozag
Hepliaklqana
Makhleb
Nemelex Xobeh
Qazlal
Ru
Uskayaw
Wu Jian
Xom
The Shining One

Annotations:
D:2 1 runed translucent door, Crazy Yiuf


Innate Abilities, Weirdness & Mutations

((You are very nimble when in or above water. (Stealth+, EV+, Speed+++)))
Your lower body shifts to a powerful aquatic tail in water.


Message History

Aim: an orc, wielding a +0 club (moderately wounded, ally target, about 48% to evade your +0 scythe of venom)
You barely miss the orc.
The orc is moderately wounded.
The orc priest hits your guardian golem but does no damage.
The orc hits you with a +0 club.
Your hound closely misses the orc.
The orc closely misses you.
The orc priest hits your guardian golem with a +4 hand axe.
Your hound bites the orc.
Reach: m) +0 scythe (venom)
Press: ? - help, Dir - move target, f/p - orc
Aim: an orc, wielding a +0 club (heavily wounded, ally target, about 48% to evade your +0 scythe of venom)
You slash the orc!
You kill the orc!
The orc priest hits your guardian golem with a +4 hand axe!
Reach: m) +0 scythe (venom)
Press: ? - help, Dir - move target, f - you That would be overly suicidal.
Okay, then.
Unknown command.
Your guardian golem overheats!
Your hound bites the orc priest.
The orc priest hits your guardian golem with a +4 hand axe.
Flame seeps out of your guardian golem.
The orc priest hits your hound with a +4 hand axe.
Flame seeps out of your guardian golem.
You see here a +0 club.
Your hound bites the orc priest but does no damage.
The orc priest hits your guardian golem with a +4 hand axe.
Flame seeps out of your guardian golem.
The orc priest hits your hound with a +4 hand axe.
Flame seeps out of your guardian golem.
Your hound barely misses the orc priest.
Unknown command.
Your guardian golem is engulfed in blazing flames.
Flame seeps out of your guardian golem. x2
Your guardian golem is engulfed in blazing flames.
Your guardian golem disappears in a puff of smoke!
Your guardian golem explodes!
The fiery explosion engulfs you!!
You die...

#. .# ## ..
.# #.
.###### #[
##.......
#o##.####
#.h§....#
##○§....#
#@§§....#
##......####
##...#....#
##.#####.#
#.......#
#.......#
#...>..##
#......#
##.....#


You could see a friendly hound (summoned, sheltered).

Vanquished Creatures
  Sigmund (D:1)
  A howler monkey (D:4)
  2 hounds (D:4)
  3 orc priests (D:4)
  An orc wizard (D:4)
  3 adders
  A worm (D:2)
  A dart slug (D:2)
  14 orcs
  7 bats
  7 endoplasms
  2 giant cockroaches
  3 hobgoblins (D:1)
  5 jackals
  3 kobolds
  3 quokkas
  5 ball pythons
  3 frilled lizards
  4 goblins
  3 rats
72 creatures vanquished.

Vanquished Creatures (collateral kills)
  An orc priest (D:3)
  3 gnolls (D:2)
  2 adders (D:2)
  A worm (D:2)
  A dart slug (D:1)
  2 orcs
  A bat (D:3)
  An endoplasm (D:2)
  A hobgoblin (D:1)
  5 jackals
  2 quokkas
  2 ball pythons
  2 frilled lizards
  3 kobolds
  2 rats
29 creatures vanquished.

Vanquished Creatures (others)
  28 foxfires
  2 fungi (D:2)
30 creatures vanquished.

Grand Total: 131 creatures vanquished

Notes
Turn   | Place    | Note
-------+----------+-------------------------------------------
     0 | D:1      | Icepheonix32 the Merfolk Summoner began the quest for the
                  | Orb.
     0 | D:1      | Reached XP level 1. HP: 13/13 MP: 3/3
   263 | D:1      | Reached XP level 2. HP: 16/19 MP: 3/5
   372 | D:1      | Learned a level 2 spell: Call Imp
   862 | D:1      | Reached XP level 3. HP: 15/24 MP: 4/6
  1128 | D:1      | Reached skill level 1 in Short Blades
  1401 | D:1      | You fall into a shaft and drop 1 floor!
  1683 | D:2      | Reached XP level 4. HP: 15/31 MP: 1/7
  2259 | D:2      | Found a faded altar of an unknown god.
  2267 | D:2      | Got Plato's Quarto of Calefaction
  2293 | D:2      | Reached skill level 5 in Summonings
  2935 | D:2      | Found a runed translucent door.
  3224 | D:2      | Reached XP level 5. HP: 36/36 MP: 9/9
  3239 | D:2      | Noticed Sigmund
  3600 | D:1      | Learned a level 3 spell: Call Canine Familiar
  3602 | D:1      | Learned a level 1 spell: Foxfire
  3942 | D:1      | Killed Sigmund
  3943 | D:1      | Reached skill level 1 in Fighting
  3943 | D:1      | Reached XP level 6. HP: 21/43 MP: 6/10
  4507 | D:2      | Noticed Crazy Yiuf
  5181 | D:3      | Reached skill level 1 in Polearms
  5282 | D:3      | Identified the +6 hand axe "Ivuufirphek" {venom, rC+}
  5522 | D:3      | Learned a level 3 spell: Summon Guardian Golem
  5661 | D:4      | Reached XP level 7. HP: 49/49 MP: 12/12
  5922 | D:4      | Found a staircase to the Ecumenical Temple.
  5972 | Temple   | Entered the Ecumenical Temple
  6218 | Temple   | Became a worshipper of Hepliaklqana the Forgotten
  6254 | D:4      | Killed by an exploding themself... ignited by their inner
                  | flame

Illustrated notes

Levels and vault maps discovered:
D:1:      dpeg_arrival_pits, layout_loops_cross, minivault_23
D:2:      layout_loops_corners, shapermc_ecumenical_altar_rom_forum,
          uniq_crazy_yiuf_cottage, uniq_sigmund
D:3:      layout_loops_cross, serial_rivers, chequers_serial_rivers_room_b,
          chequers_serial_rivers_large_a, chequers_serial_rivers_micro_c,
          chequers_serial_rivers_micro_a
D:4:      layout_loops_ring, minmay_temple_entry_overgrown
Temple:   eino_narrow_crystal_temple

Skill      XL: |  1  2  3  4  5  6  7 |
---------------+----------------------+-----
Short Blades   | 1 2 |  2.3
Dodging        | 3 4 |  4.6
Summonings     | 5 |  5.8
Fighting       | 1 2 |  2.4
Spellcasting   | 3 |  3.4
Polearms       | 2 3 |  3.6
Stealth        | |  2.1
Conjurations   | |  0.5
Fire Magic     | |  0.4

Action                   |  1- 3 |  4- 6 |  7- 9 || total
-------------------------+-------+-------+-------++-------
Melee: Dagger            |    84 |       |       ||    84
       Unarmed           |     6 |       |       ||     6
       Rapier            |       |    89 |       ||    89
       Halberd           |       |    71 |    39 ||   110
       Tailslap          |       |     1 |       ||     1
 Cast: Summon Small Mamm |     6 |     5 |       ||    11
       Call Imp          |    11 |    12 |       ||    23
       Foxfire           |       |    16 |       ||    16
       Call Canine Famil |       |     7 |     2 ||     9
       Summon Guardian G |       |       |     1 ||     1
  Use: Potion            |       |     4 |     1 ||     5
       Scroll            |       |     2 |       ||     2
 Stab: Sleeping          |     3 |     7 |     1 ||    11
Armor: Robe              |    16 |    29 |     5 ||    50
Dodge: Dodged            |    67 |   179 |    30 ||   276
